Unix NetHack Version 3.7.0-78 Work-in-progress - last build Mar 9 2023 01:51:46 (e1b806644f7dc75fed06536c1d2466fecd9570d3,branch:master). Game began 2023-03-17 12:57:36, ended 2023-03-18 14:42:50. cathartes, chaotic female human Rogue ------------------------ |..................`...| |..-------------------.| ----.| ----- |.| |..|@-- --...| |`| |..MY.|--|....| |`| |....f|..|..0.| |.| --....|......-- |)| |...y...|...| ------|`| |....|..|...| --|"....|%| |....---|...| |.-.....|)| |.......|..-- |-|....)|.| ----.0..|.-- |?-...).+.| ---.--.| |-|...))|-- |.....| |.-."...| |>.|..| --|...).| ------- ------- Cathartes the Rogue St:17 Dx:15 Co:15 In:10 Wi:14 Ch:8 Chaotic Dlvl:3 $:2152 HP:0(62) Pw:41(41) AC:5 Xp:8/1415 T:5024 Burdened Latest messages: What do you want to use or apply? [eg-iku-wBFG or ?*] B You have a little trouble removing J - a tripe ration. In what direction? b The door closes. You swap places with the peaceful forest centaur. You see here a knife. Satellite drops a snake corpse. You stop. The forest centaur is in the way! Something is written here in the dust. You read: "?". There are two objects here. Satellite picks up a snake corpse. Satellite drops a snake corpse. Something is written here in the dust. You read: "Elb c n". There are a few objects here. Something is written here in the dust. You read: "F c e ?". Something is written here in the dust. You read: "E||ere??". Satellite picks up a snake corpse. Satellite steps reluctantly over a knife. Something is written here in the dust. You read: "El|e?c h". You hit the human mummy! The human mummy hits! The human mummy hits! You hit the human mummy! The human mummy hits! The human mummy hits! The sasquatch hits! The sasquatch hits! The sasquatch kicks! The sasquatch hits! The sasquatch hits! The sasquatch kicks! The sasquatch hits! The sasquatch hits! The sasquatch kicks! The human mummy hits! The human mummy hits! The sasquatch hits! The sasquatch hits! The sasquatch kicks! You die... Do you want your possessions identified? [ynq] (y) y Do you want to see your attributes? [ynq] (y) y Do you want an account of creatures vanquished? [ynaq] (y) y Do you want to see your conduct and achievements? [ynq] (y) y Do you want to see the dungeon overview? [ynq] (y) y Inventory: Coins $ - 2152 gold pieces Comestibles U - an uncursed food ration J - an uncursed tripe ration Q - an uncursed partly eaten lizard corpse Scrolls S - an uncursed scroll of confuse monster V - an uncursed scroll of taming Wands G - an uncursed wand of fire (0:7) Tools B - an uncursed sack containing 21 items g - an uncursed blindfold u - an uncursed brass lantern e - an uncursed lock pick k - an uncursed lock pick h - an uncursed mirror i - an uncursed skeleton key w - an uncursed tin opener v - an uncursed towel Gems/Stones F - an uncursed touchstone Weapons M - 7 uncursed +0 arrows P - 7 blessed +1 darts j - 9 uncursed +0 darts Y - a blessed +2 dagger a - an uncursed +0 dagger named w (weapon in hand) c - 13 uncursed +0 daggers named t Z - a cursed -3 elven dagger o - an uncursed +0 elven short sword l - an uncursed +0 short sword Armor d - an uncursed +0 elven leather helm (being worn) R - an uncursed +0 pair of leather gloves f - an uncursed +0 elven cloak (being worn) b - an uncursed +1 leather armor (being worn) Amulets T - an uncursed amulet of reflection (being worn) Contents of the sack: 2461 gold pieces an uncursed bowl of scubbo 3 uncursed food rations 3 uncursed pears 3 uncursed tripe rations 2 uncursed tins of hill orc meat named spinach? an uncursed tin of Woodland-elf meat 2 uncursed eggs 2 uncursed lizard corpses a blessed scroll of gold detection 4 uncursed scrolls of remove curse an uncursed wand of enlightenment (0:11) an uncursed wand of light (0:10) an uncursed wand of polymorph (0:7) an uncursed wand of polymorph (0:5) an uncursed wand of speed monster (0:2) a cursed wand of undead turning (0:3) an uncursed ring of conflict a blessed +5 ring of gain constitution an uncursed ring of see invisible a cursed ring of see invisible Cathartes the Rogue's attributes: Background: You were a Rogue, level 8 female human. You were chaotic, on a mission for Kos who was opposed by Issek (lawful) and Mog (neutral). You were in Sokoban, on level 3. You entered the dungeon 5024 turns ago. You had 1415 experience points, 1145 more were needed to attain level 9. Basics: You had 0 out of 62 hit points. You had all 41 energy points (spell power). Your armor class was 5. Your wallet contained 2152 zorkmids, and you had 2461 more stashed away in your pack. Autopickup was on for '$_*' plus thrown, with exceptions. Final Characteristics: Your strength was 17 (limit:18/100). Your dexterity was 15 (limit:18). Your constitution was 15 (limit:18). Your intelligence was 10 (limit:18). Your wisdom was 14 (limit:18). Your charisma was 8 (limit:18). Final Status: You were not hungry. You were burdened; movement was slightly slowed. You were wielding a dagger. You had expert skill with dagger. Final Attributes: You were piously aligned. You were poison resistant. You were telepathic. You were stealthy. You were warded. You were fast. You had reflection. You are dead. Miscellaneous: You disabled loading of bones levels. Total elapsed playing time was 1 hour, 40 minutes and 56 seconds. Major events: Turn 1: cathartes the chaotic female human Rogue entered the dungeon 371: entered the Gnomish Mines 1427: attained the rank of Cutpurse (level 3) 2289: entered Sokoban 2731: completed 1st Sokoban level 3335: completed 2nd Sokoban level 3637: completed 3rd Sokoban level 3656: attained the rank of Rogue (level 6) 4419: completed 4th Sokoban level 4900: acquired the Sokoban amulet of reflection 5024: killed by a sasquatch Vanquished creatures: 2 giant mimics a warg 3 tengu an elf mummy a carnivorous ape an amorous demon 4 wolves a leprechaun a dwarf mummy an owlbear 3 lizards a chickatrice a dingo a blue jelly a dust vortex a gnome mummy 2 snakes a Woodland-elf an imp an Uruk-hai a fog cloud 2 yellow lights a shrieker a violet fungus a kobold mummy 2 barrow wights 2 elf zombies a paper golem 3 giant ants a little dog a floating eye a kitten a kobold leader 3 rothes a centipede a dwarf zombie an iguana a hobbit a hobgoblin 2 giant rats 6 cave spiders a yellow mold 2 gnomes a gnome zombie a gecko 5 jackals 2 foxes 2 kobolds 2 goblins a sewer rat 6 grid bugs 3 bats 7 lichens a kobold zombie 9 newts 106 creatures vanquished. No species were genocided or became extinct. Voluntary challenges: You read items or engraved 21 times. You engraved Elbereth 17 times. You never genocided any monsters. You never polymorphed an object. You never changed form. You used no wishes. You did not violate any of the special Sokoban rules. Achievements: You entered a shop. You entered the Gnomish Mines. You attained the rank of Cutpurse. You entered Sokoban. You attained the rank of Rogue. You completed Sokoban. The Dungeons of Doom: levels 1 to 8 Level 1: A sink. Level 2: A scroll shop. Stairs down to The Gnomish Mines. Level 3: A general store, a fountain. Level 4: "vault" A scroll shop, a grave. Level 5: Level 6: Level 7: "vault" Stairs up to Sokoban, level 6. Level 8: The Gnomish Mines: Level 3: Sokoban: levels 6 up to 3 Level 3: <- You were here. Solved. Final resting place for you, killed by a sasquatch. Level 4: Solved. Level 5: Solved. Level 6: Solved. Game over: ---------- / \ / REST \ / IN \ / PEACE \ / \ | cathartes | | 4613 Au | | killed by a | | sasquatch | | | | | | 2023 | *| * * * | * _________)/\\_//(\/(/\)/\//\/|_)_______ Goodbye cathartes the Rogue... You died in Sokoban on dungeon level 3 with 12320 points, and 4613 pieces of gold, after 5024 moves. You were level 8 with a maximum of 62 hit points when you died.